 Dungeon Crawl Stone Soup version 0.20.1-1-g8b1a95d (webtiles) character file.

97 graki42 the Firebug (level 4, 0/24 HPs)
             Began as a Deep Elf Fire Elementalist on Oct 30, 2017.
             Slain by simples's ghost (1 damage)
             ... in a sewer.
             The game lasted 00:05:37 (1199 turns).

graki42 the Firebug (Deep Elf Fire Elementalist)    Turns: 1199, Time: 00:05:38

Health: 0/24       AC:  4    Str:  3 (6)  XL:     4   Next: 42%
Magic:  1/12       EV: 12    Int: 24 (25) God:
Gold:   97         SH:  4    Dex: 14 (15) Spells: 4/11 levels left

rFire    . . .     SeeInvis .   (no weapon)
rCold    . . .     Gourm    .   (no shield)
rNeg     + . .     Faith    .   j - +1 leather armour {rN+}
rPois    .         Spirit   .   (helmet restricted)
rElec    .         Reflect  .   (no cloak)
rCorr    .         Harm     .   (no gloves)
MR       .....                  (no boots)
Stlth    ++........             (no amulet)
Regen    0.1/turn               (no ring)
MPRegen  0.2/turn               (no ring)

@: brilliant, very slightly contaminated
A: antennae 1, large bone plates 1
a: no special abilities


You were in a sewer.
You were hungry.

You visited 1 branch of the dungeon, and saw 3 of its levels.
You also visited: Sewer.

You collected 97 gold pieces.

Inventory:

Armour
 a - a +0 robe
 j - a +1 leather armour of positive energy (worn)
Jewellery
 d - a +1 ring of evasion {unknown}
Potions
 i - 3 potions of curing
Books
 b - a book of Flames

   Spells                             Type                      Level
   a - Flame Tongue                   Conjuration/Fire             1
   b - Throw Flame                    Conjuration/Fire             2
   c - Conjure Flame                  Conjuration/Fire             3
   d - Inner Flame                    Hexes/Fire                   3
   e - Sticky Flame                   Conjuration/Fire             4
   f - Fireball                       Conjuration/Fire             5
Comestibles
 c - a bread ration


   Skills:
 + Level 0.1 Fighting
 + Level 2.9 Dodging
 + Level 2.8 Stealth
 + Level 4.0 Spellcasting
 + Level 1.9 Conjurations
 + Level 4.5 Fire Magic


You had 4 spell levels left.
You knew the following spells:

 Your Spells              Type           Power        Failure   Level  Hunger
a - Flame Tongue          Conj/Fire      ####.        1%          1    None
b - Conjure Flame         Conj/Fire      ####....     1%          3    ##.....
c - Inner Flame           Hex/Fire       ####....     2%          3    ##.....


Dungeon Overview and Level Annotations

Branches:
Dungeon (3/15)

Altars:

Annotations:
D:2 Terence
D:3 AdmiralAndromeda's ghost, amateur TrBe Sewer simples's ghost, novice FoAK


Innate Abilities, Weirdness & Mutations

You have a pair of small antennae on your head.
You are partially covered in large bone plates. (SH +4)


Message History

A ball python comes into view.
The ball python hisses angrily.
You hit simples's ghost but do no damage.
Simples's ghost is lightly damaged.
Simples's ghost barely misses you.
You hit simples's ghost.
Simples's ghost is lightly damaged.
Simples's ghost completely misses you.
You hit simples's ghost but do no damage.
Simples's ghost is lightly damaged.
Simples's ghost hits you!
You closely miss simples's ghost.
Simples's ghost is lightly damaged.
Simples's ghost hits you.
* * * LOW HITPOINT WARNING * * *
x2 You hit simples's ghost but do no damage.
Simples's ghost is lightly damaged.
Simples's ghost hits you.
* * * LOW HITPOINT WARNING * * *
You die...

##.r....≈≈≈≈≈
#.....≈≈≈≈≈≈
##......≈≈≈≈
##.....≈.≈≈.
##........≈≈≈
##.†......≈≈≈≈
#rS#.......≈≈≈
#W###.....≈≈≈≈
#@# #......≈≈
### ......≈≈≈
.....≈≈
.....≈≈ ...≈


You could see simples's ghost, a ball python and a rat.

Vanquished Creatures
  Jessica (D:2)
  2 adders (D:2)
  2 river rats
  A dart slug (D:1)
  2 giant cockroaches
  2 goblins
  7 hobgoblins
  6 kobolds
  A ball python (D:3)
  3 bats
  A frilled lizard (D:2)
  8 rats
36 creatures vanquished.

Notes
Turn   | Place    | Note
-------+----------+-------------------------------------------
     0 | D:1      | graki42 the Deep Elf Fire Elementalist began the quest for the Orb.
     0 | D:1      | Reached XP level 1. HP: 10/10 MP: 6/6
   183 | D:1      | Reached XP level 2. HP: 15/15 MP: 6/8
   612 | D:2      | Noticed Jessica
   622 | D:2      | Killed Jessica
   622 | D:2      | Reached XP level 3. HP: 16/19 MP: 1/10
   837 | D:2      | Reached XP level 4. HP: 23/24 MP: 3/11
   865 | D:2      | Noticed Terence
   919 | D:3      | Noticed AdmiralAndromeda's ghost (amateur TrBe)
  1035 | D:3      | Found a glowing drain.
  1056 | Sewer    | Entered a sewer
  1145 | Sewer    | Noticed simples's ghost (novice FoAK)
  1151 | Sewer    | Learned a level 3 spell: Conjure Flame
  1155 | Sewer    | Learned a level 3 spell: Inner Flame
  1183 | Sewer    | Gained mutation: You have a pair of small antennae on your head. [potion of mutation]
  1183 | Sewer    | Gained mutation: You are partially covered in large bone plates. (SH +4) [potion of mutation]
  1199 | Sewer    | HP: 1/24 [simples's ghost (6)]
  1199 | Sewer    | Slain by simples's ghost

Skill      XL: |  1  2  3  4 |
---------------+-------------+-----
Fire Magic     | 4 |  4.5
Spellcasting   | 4 |  4.0
Fighting       | |  0.1
Dodging        | |  2.9
Stealth        | |  2.8
Conjurations   | |  1.9

Action                   |  1- 3 |  4- 6 || total
-------------------------+-------+-------++-------
Melee: Unarmed           |       |     7 ||     7
 Cast: Flame Tongue      |    42 |    29 ||    71
       Conjure Flame     |       |     1 ||     1
  Use: Potion            |       |     5 ||     5
       Scroll            |       |     2 ||     2
Armor: Robe              |     2 |       ||     2
       Leather armour    |     2 |    33 ||    35
Dodge: Dodged            |    17 |    56 ||    73
Block: Other             |       |     2 ||     2
